Map: Ephemeron LE

Players

Cure

  • Race: Terran Terran
  • League: Master
  • Spawn Location: 5:00

DPGPartinG (PartinG) - Winner!

  • Race: Protoss Protoss
  • League: Master
  • Spawn Location: 11:00

Event: HomeStory Cup XX

VOD

Have the link to the VOD?

Description

Time

  • Played on: Nov. 23, 2019, 4:55 p.m.
  • Length: 10:01

All games in this series

Show
View Real Time Build Order
Export as new Build Order

Cure Terran 

Build Orders: Gas First Reaper Expand 

Get SALT Encoding   

  12  0:00  SCV  
  13  0:12  SCV  
  14  0:17  Supply Depot  
  14  0:24  SCV  
  14  0:27  Refinery  
  15  0:39  SCV  
  16  0:44  Barracks  
  16  0:51  SCV  
  17  1:03  SCV  
  18  1:15  SCV  
  19  1:30  Orbital Command  
  19  1:31  Reaper  
  20  1:46  Command Center  
  20  1:56  SCV  
  20  1:59  Factory  
  21  2:05  Barracks Reactor  
  21  2:08  SCV  
  22  2:12  Supply Depot  
  22  2:16  Refinery  
  22  2:20  SCV  
  23  2:32  SCV  
  23  2:40  Command Center  
  23  2:42  Marine x2  
  25  2:46  Widow Mine  
  25  2:47  SCV  
  27  2:59  SCV  
  27  3:00  Marine x2  
  28  3:11  SCV  
  28  3:18  Marine  
  29  3:20  Factory Tech Lab  
  29  3:23  SCV  
  30  3:30  Supply Depot  
  30  3:35  SCV  
  31  3:47  SCV  
  31  3:52  Orbital Command, Siege Tank  
  31  3:55  Marine x2  
  36  3:59  SCV  
  37  4:07  Starport  
  37  4:11  Orbital Command, SCV  
  37  4:12  Marine  
  37  4:14  Marine  
  40  4:23  SCV  
  41  4:26  Siege Tank  
  41  4:30  Marine  
  45  4:31  Marine  
  45  4:36  SCV x2  
  48  4:41  Supply Depot  
  48  4:45  Starport Tech Lab  
  48  4:48  SCV x2  
  49  5:00  SCV  
  49  5:01  SCV  
  51  5:09  Siege Tank  
  51  5:10  Command Center  
  51  5:12  SCV, Raven  
  57  5:19  Marine x2  
  59  5:21  SCV  
  59  5:24  SCV  
  59  5:25  Command Center  
  61  5:30  Supply Depot  
  61  5:35  SCV  
  62  5:36  SCV  
  62  5:37  Marine x2  
  59  5:47  SCV  
  59  5:48  SCV  
  61  5:50  Siege Tank  
  58  5:57  Marine x2  
  58  5:59  SCV  
  58  6:01  SCV  
  58  6:04  Supply Depot  
  59  6:09  Medivac  
  61  6:11  SCV  
  61  6:13  SCV  
  61  6:15  Marine x2  
  62  6:22  Siege Tank  
  59  6:25  SCV  
  54  6:33  Marine x2  
  54  6:34  Orbital Command  
  54  6:37  SCV  
  53  6:50  Marine, SCV  
  53  6:51  Marine  
  53  6:54  Siege Tank  
  58  6:55  Orbital Command  
  57  7:02  SCV x2  
  59  7:08  Marine x2  
  59  7:09  Barracks  
  59  7:14  SCV x2  
  59  7:15  Raven  
  64  7:26  Marine x2  
  65  7:30  SCV  
  65  7:31  SCV  
  67  7:38  Barracks, SCV  
  67  7:40  Refinery x2  
  67  7:43  SCV  
  69  7:44  Marine x2  
  69  7:47  Siege Tank  
  69  7:49  SCV  
  69  7:50  SCV  
  76  7:55  Supply Depot  
  76  8:00  SCV  
  76  8:01  SCV  
  76  8:02  SCV  
  79  8:06  Marine x2, Stimpack, Engineering Bay  
  79  8:07  Marine, Engineering Bay  
  82  8:18  Supply Depot, SCV x3  
  85  8:21  Siege Tank  
  85  8:23  Marine, Starport Reactor  
  85  8:24  Marine  
  85  8:25  Marine  
  91  8:27  Barracks Tech Lab  
  91  8:29  Barracks  
  91  8:33  Barracks  
  91  8:41  Missile Turret  
  91  8:43  Marine x2, Marauder  
  91  8:45  Marauder  
  97  8:54  Siege Tank  
  100  9:01  SCV  
  100  9:02  SCV  
  97  9:13  Viking x2  
  101  9:18  Barracks Tech Lab  
  101  9:20  Marine x2  
  101  9:21  Marauder x2  
  107  9:27  Barracks Reactor  
  107  9:28  SCV x2  
  107  9:29  Orbital Command  
  109  9:44  Supply Depot  
  109  9:45  Supply Depot  
  109  9:46  SCV x2  
Show
View Real Time Build Order
Export as new Build Order

DPGPartinG Protoss - Winner!

Build Orders: Blink Stalkers 

Get SALT Encoding   

  12  0:00  Probe  
  13  0:12  Probe  
  14  0:22  Pylon  
  14  0:24  Probe  
  15  0:31  Pylon  
  15  0:40  Probe  
  16  0:49  Gateway  
  16  0:52  Probe  
  16  0:56  Assimilator  
  17  1:05  Probe  
  18  1:17  Probe  
  19  1:28  Zealot  
  19  1:29  Probe  
  20  1:38  Cybernetics Core  
  22  1:46  Zealot  
  22  1:48  Nexus  
  22  1:58  Probe  
  25  2:04  Stalker  
  25  2:06  Assimilator  
  25  2:10  Probe  
  28  2:18  Warp Gate  
  28  2:22  Probe  
  29  2:32  Stalker  
  31  2:39  Pylon  
  31  2:57  Probe, Twilight Council  
  32  3:02  Stalker  
  32  3:04  Blink  
  34  3:09  Probe x2  
  34  3:21  Probe x2  
  34  3:23  Gateway  
  36  3:33  Probe x2  
  38  3:47  Probe x2  
  40  3:50  Robotics Facility  
  40  3:57  Pylon  
  40  3:59  Probe x2  
  42  4:07  Gateway  
  42  4:11  Probe x2  
  42  4:12  Sentry  
  46  4:18  Stalker  
  48  4:24  Probe x2  
  50  4:36  Stalker  
  50  4:38  Warp Prism, Gateway  
  54  4:42  Assimilator  
  54  4:44  Probe  
  56  4:47  Stalker  
  56  4:49  Probe  
  58  4:59  Stalker  
  60  5:04  Probe x2  
  62  5:14  Pylon  
  62  5:16  Pylon  
  62  5:32  Observer, Probe x2  
  63  5:37  Stalker  
  63  5:38  Stalker x3  
  71  5:44  Probe x2  
  71  5:56  Probe x2  
  67  6:01  Stalker x4  
  67  6:03  Nexus  
  71  6:08  Probe x2  
  73  6:20  Probe x2  
  73  6:24  Sentry  
  75  6:26  Stalker  
  75  6:32  Probe  
  78  6:37  Charge  
  78  6:38  Assimilator  
  78  6:40  Pylon  
  78  6:41  Pylon  
  78  6:42  Forge  
  78  6:43  Probe  
  78  6:44  Probe  
  78  6:45  Forge  
  72  6:49  Stalker x3  
  77  6:55  Probe  
  77  6:59  Protoss Ground Armor Level 1, Protoss Ground Weapons Level 1  
  78  7:02  Probe  
  78  7:03  Stalker  
  78  7:07  Probe  
  82  7:10  Gateway  
  82  7:11  Gateway  
  82  7:13  Sentry x2  
  82  7:14  Gateway  
  86  7:16  Stalker  
  88  7:33  Zealot  
  88  7:35  Probe x3  
  93  7:40  Observer  
  93  7:43  Gateway  
  94  7:48  Zealot x3  
  100  7:52  Immortal  
  100  7:56  Zealot  
  100  7:57  Shield Battery  
  102  8:01  Pylon  
  106  8:09  Nexus  
  106  8:15  Templar Archives  
  106  8:18  Zealot  
  108  8:22  Zealot x3  
  108  8:25  Observer  
  108  8:26  Pylon x2  
  114  8:29  Assimilator  
  114  8:32  Pylon  
  114  8:35  Pylon, Psionic Storm  
  115  8:41  Observer  
  115  8:42  Pylon  
  115  8:44  Zealot x4  
  115  8:45  Zealot  
  125  8:52  Assimilator  
  123  9:06  High Templar x2  
  127  9:12  Warp Prism  
  127  9:15  Zealot x6  
  139  9:23  Probe  
  141  9:27  Probe  
  141  9:28  Probe x2  
  141  9:31  Probe  
  145  9:35  Zealot x2  
  145  9:36  Zealot  
  151  9:41  Zealot x2  
Tags
 
Add a new tag
Caveats
  • Supply blocks, unpowered buildings, or Contaminate may cause inaccurate times.
  • Supply counts are checked every 10 seconds.